 Dungeon Crawl Stone Soup version 0.31.0-32-g396128a36d (webtiles) character file.

Game seed: 15516370934732488355

27 PaiMei the Grave Robber (level 2, 0/20 HPs)
             Began as a Demonspawn Necromancer on Apr 25, 2024.
             Slain by a goblin
             ... wielding a +0 dagger
             ... led by Robin
              (3 damage)
             ... on level 2 of the Dungeon.
             The game lasted 00:01:27 (1014 turns).

PaiMei the Grave Robber (Demonspawn Necromancer)    Turns: 1014, Time: 00:01:28

Health: 0/20       AC:  2    Str:  8    XL:     2   Next: 93%
Magic:  0/5        EV: 12    Int: 15    God:
Gold:   75         SH:  0    Dex: 13    Spells: 4/5 levels left

rFire   . . .        e - +0 short sword
rCold   . . .        (no shield)
rNeg    . . .        a - +0 robe
rPois   .            (helmet restricted)
rElec   .            (no cloak)
rCorr   .            (no gloves)
SInv    .            (no boots)
Will    .....        (no amulet)
Stlth   ++           (no ring)
HPRegen 0.23/turn    (no ring)
MPRegen 0.09/turn

%: no passive effects
@: no status effects
A: antennae 1
a: no special abilities


You were on level 2 of the Dungeon.
You visited 1 branch of the dungeon, and saw 2 of its levels.

You collected 75 gold pieces.

Inventory:

Hand Weapons
 c - a +0 club
 e - a +0 short sword (weapon)
Armour
 a - a +0 robe (worn)
Jewellery
 g - an amulet of reflection
Scrolls
 f - a scroll of revelation {unknown}
 i - a scroll of identify {unknown}
 j - a scroll of amnesia {unknown}
 k - a scroll of enchant armour {unknown}
Potions
 b - 2 potions of magic
 d - a potion of invisibility {unknown}
 h - a potion of curing {unknown}


   Skills:
 + Level 0.8 Fighting
 + Level 2.1 Dodging
 - Level 2.0 Stealth
 + Level 2.3 Spellcasting
 + Level 4.6 Necromancy


You had 4 spell levels left.
You knew the following spells:

 Your Spells              Type           Power      Damage    Failure   Level
a - Necrotise             Necr           60%        1d7       3%          1

Your spell library contained the following spells:

 Spells                   Type           Power      Damage    Failure   Level
 Vampiric Draining        Necr           15%        2d7       10%         3
 Animate Dead             Necr           15%        N/A       30%         4
 Curse of Agony           Necr           15%        N/A       65%         5


Dungeon Overview and Level Annotations

Branches:
Dungeon (2/15)

Altars:

Shops:
D:2 *

Annotations:
D:2 Robin


Innate Abilities, Weirdness & Mutations

You have a pair of small antennae on your head.


Message History

The goblins go into a battle-frenzy!
The goblin attacks as it pursues you! The goblin hits you but does no damage.
Something barely misses your goblin skeleton.
The goblin attacks as it pursues you! The goblin hits you with a +0 dagger.
* * * LOW HITPOINT WARNING * * *
The goblin attacks as it pursues you! The goblin hits you with a +0 dagger.
* * * LOW HITPOINT WARNING * * *
Casting: Necrotise (safe; 3% risk of failure)
Confirm with . or Enter, or press ? or * to list all spells.
Aiming: Necrotise (safe; 3% risk of failure)
Press: ? - help, Shift-Dir - straight line, f - goblin
Aim: a goblin, wielding a +0 dagger (strong, ally target, chance to affect: 85%)
You miscast Necrotise.
You are very lightly contaminated with residual magic.
Nothing appears to happen.
The goblin misses you.
Your goblin skeleton crumbles into dust!
The goblin attacks as it pursues you! The goblin hits you but does no damage.
The goblin no longer looks unusually strong.
Your magical contamination has completely faded away.
Casting: Necrotise (safe; 3% risk of failure)
Confirm with . or Enter, or press ? or * to list all spells.
Aiming: Necrotise (safe; 3% risk of failure)
Press: ? - help, Shift-Dir - straight line, f/p - goblin
Aim: a goblin, wielding a +0 dagger (strong, chance to affect: 85%)
The goblin writhes in agony.
Casting: Necrotise (safe; 3% risk of failure)
Confirm with . or Enter, or press ? or * to list all spells.
You don't have enough magic to cast this spell.
The goblin attacks as it pursues you! The goblin hits you with a +0 dagger.
* * * LOW HITPOINT WARNING * * *
Casting: Necrotise (safe; 3% risk of failure)
Confirm with . or Enter, or press ? or * to list all spells.
You don't have enough magic to cast this spell.
You hit the goblin but do no damage.
The goblin is moderately wounded.
The goblin no longer looks unusually strong.
The hobgoblin no longer looks unusually strong.
The goblin hits you with a +0 dagger.
You die...

........##♣♣ #......#
........# #.>....# ........#
#.#.#### .......## ### ###.#.#
......## #.# #(###.# ##.####
.#.#### #.# #.# #..#
##.#....## #.# #.# ..### ..
####.g# #.# #.# ....## #.#
##@# ###.###.#### ..g..# ..#
#g###..........## ###.>##.#
##g##............## # ##g...#
##g.#..............# #...##
##..##..............# #....#
###g.###..............#
#..#.###...## #..............#
#.......g######..............#
#.#....### #<.............[##


You could see Robin, a hobgoblin and 2 goblins.

Vanquished Creatures
  3 dart slugs
  A bat (D:2)
  An endoplasm (D:1)
  6 goblins
  4 hobgoblins
  A ball python (D:2)
  A kobold (D:1)
  A rat (D:1)
18 creatures vanquished.

Vanquished Creatures (collateral kills)
  A goblin (D:2)
1 creature vanquished.

Grand Total: 19 creatures vanquished

Notes
Turn   | Place    | Note
-------+----------+-------------------------------------------
     0 | D:1      | PaiMei the Demonspawn Necromancer began the quest for the
                  | Orb.
     0 | D:1      | Reached XP level 1. HP: 13/13 MP: 3/3
   304 | D:1      | Gained mutation: You have a pair of small antennae on your
                  | head. [demonic ancestry]
   304 | D:1      | Reached XP level 2. HP: 19/19 MP: 1/5
   600 | D:1      | You fall into a shaft and drop 1 floor!
   899 | D:2      | Found Ter Quef's Assorted Antiques.
   966 | D:2      | Noticed Robin
  1014 | D:2      | Slain by a goblin

Illustrated notes

Levels and vault maps discovered:
D:1:      orjb1_clovarrival, layout_loops_corners, ebering_ecumenical_altar_webs
D:2:      layout_rooms, serial_shops, nicolae_diamond_shop, uniq_robin,
          uniq_crazy_yiuf_cottage

Skill      XL: |  1 |
---------------+----+-----
Stealth        | 2 |  2.0
Dodging        | 2 |  2.1
Fighting       | |  0.8
Spellcasting   | |  2.3
Necromancy     | |  4.6

Action                     || total
---------------------------++-------
  Melee: Club              ||     5
         Short sword       ||    10
         Punch             ||     1
   Cast: Necrotise         ||    42
 Armour: Robe              ||    29
  Dodge: Dodged            ||    12
